AoeStats
← capt. Bear

Black Forest

505482306Analyzed
4v4 RM · 24d ago on Sep 9, 2026· 60m 42s· 8 players
Game mode
Random Map
Map size
Large (8 player)
Population
200
Speed
Normal
Resources
Standard
Victory
Conquest
Starting age
Dark Age
Ending age
Imperial Age
RankedLock teamsTeams togetherTeam positionsShared explorationLock speedFull tech treeHidden civsTurbo modeCheats
Victory
Defeat
🇦🇷 Koreans · Argentina
1607
+10
🇹🇼 Cumans · Taiwan
1566
+12
🇲🇽 Khitans · Mexico
1511
+14
🇺🇸 Teutons · United States
1366
+20
🇨🇳 Turks · China
1538
-17
1477
-14
🇹🇷 Persians · Türkiye
1432
-13
🇹🇷 Bohemians · Türkiye
1429
-12
我放了个屁她顺风追了
0:54 Loom
12:36 Feudal Age
12:38 Man-at-Arms
15:03 Arson
20:40 Fletching
22:51 Castle Age
20:49 Horse Collar
29:52 Town Watch
38:22 Redemption
42:20 Imperial Age
40:42 Svan Towers
41:23 Double-Bit Axe
41:57 Guard Tower
42:27 Ballistics
42:52 Wheelbarrow
42:17 Treadmill Crane
43:03 Ballistics
42:41 Bodkin Arrow
42:59 Arrowslits
44:15 Chemistry
44:31 Bracer
45:18 Masonry
48:21 Scale Barding Armor
48:57 Conscription
49:21 Hand Cart
49:11 Cavalier
49:52 Husbandry
51:19 Keep
51:09 Heavy Plow
51:25 Caravan
51:53 Bloodlines
51:04 Light Cavalry
51:57 Forging
53:17 Hussar
54:19 Chain Barding Armor
55:16 Iron Casting
57:28 Blast Furnace
57:04 Plate Barding Armor
59:44 Fortified Wall
60:05 Architecture
klostrofobikköstebek
11:17 Feudal Age
19:50 Castle Age
18:22 Double-Bit Axe
20:33 Fishing Lines
21:12 Gillnets
23:59 Wheelbarrow
23:44 Horse Collar
24:15 Bow Saw
25:00 Heavy Plow
25:39 Hand Cart
30:10 Imperial Age
27:38 Gold Mining
29:57 Gold Shaft Mining
29:13 Stone Mining
30:32 Scale Barding Armor
30:38 Forging
30:30 Husbandry
30:41 Bloodlines
32:42 Chemistry
32:05 Chain Barding Armor
32:21 Kamandaran
32:25 Padded Archer Armor
32:16 Fletching
32:47 Ballistics
34:05 Plate Barding Armor
34:51 Elite War Elephant
35:52 Conscription
36:33 Loom
38:14 Crop Rotation
38:44 Two-Man Saw
38:21 Stone Shaft Mining
40:34 Iron Casting
42:40 Blast Furnace
42:20 Leather Archer Armor
42:00 Bodkin Arrow
42:21 Crossbowman
44:14 Thumb Ring
45:58 Ring Archer Armor
49:22 Scale Mail Armor
48:44 Pikeman
49:24 Squires
49:10 Arson
51:40 Chain Mail Armor
52:04 Halberdier
53:41 Plate Mail Armor
第一滴血
0:32 Loom
11:45 Feudal Age
15:44 Castle Age
13:49 Double-Bit Axe
13:58 Horse Collar
17:12 Wheelbarrow
32:31 Imperial Age
30:34 Padded Archer Armor
31:46 Bow Saw
31:40 Fletching
32:24 Bow Saw
32:26 Bodkin Arrow
33:17 Bracer
34:00 Coinage
34:10 Thumb Ring
34:23 Leather Archer Armor
34:43 Ballistics
35:30 Banking
35:17 Bloodlines
35:08 Husbandry
38:24 Sipahi
38:24 Conscription
40:06 Artillery
40:46 Heavy Cavalry Archer
42:01 Parthian Tactics
43:13 Ring Archer Armor
44:43 Scale Barding Armor
44:49 Forging
46:04 Hand Cart
48:05 Chain Barding Armor
48:20 Iron Casting
49:52 Plate Barding Armor
52:03 Blast Furnace
51:20 Caravan
waLLefps.
0:51 Loom
1:14 Loom
14:18 Feudal Age
18:17 Castle Age
16:23 Double-Bit Axe
17:02 Horse Collar
19:23 Bow Saw
19:17 Heavy Plow
21:51 Wheelbarrow
23:40 Fervor
24:48 Sanctity
26:11 Town Watch
27:07 Hand Cart
30:53 Imperial Age
28:44 Scale Mail Armor
28:55 Forging
31:19 Chemistry
30:01 Pikeman
30:42 Squires
30:27 Arson
30:59 Chain Mail Armor
32:00 Iron Casting
31:40 Caravan
31:52 Houfnice
33:07 Plate Mail Armor
33:52 Conscription
33:36 Halberdier
34:26 Fletching
36:55 Blast Furnace
37:27 Bodkin Arrow
38:04 Siege Engineers
Monotone
0:54 Loom
14:54 Feudal Age
16:08 Fletching
17:38 Horse Collar
18:40 Double-Bit Axe
28:46 Castle Age
27:17 Scale Mail Armor
28:02 Forging
29:56 Squires
30:31 Pikeman
31:52 Fortified Wall
32:51 Guard Tower
33:10 Fishing Lines
34:11 Bodkin Arrow
39:51 Imperial Age
37:54 Elite Skirmisher
38:37 Padded Archer Armor
39:32 Bow Saw
40:34 Leather Archer Armor
41:59 Crenellations
43:41 Conscription
44:34 Chemistry
46:11 Two-Man Saw
46:30 Scale Barding Armor
46:33 Gold Mining
46:31 Cavalier
48:32 Chain Barding Armor
49:06 Bloodlines
52:07 Iron Casting
55:57 Plate Barding Armor
60:47 Town Watch
robecha18
7:24 Loom
13:02 Feudal Age
13:49 Domestication
13:55 Double-Bit Axe
15:27 Forging
15:53 Scale Barding Armor
21:46 Castle Age
23:20 Iron Casting
22:06 Light Cavalry
23:12 Bow Saw
23:28 Chain Barding Armor
23:01 Gold Mining
24:41 Wheelbarrow
24:36 Husbandry
24:59 Pastoralism
27:07 Hand Cart
26:46 Stone Mining
28:58 Stone Shaft Mining
32:12 Town Watch
32:58 Fletching
37:17 Imperial Age
35:14 Bodkin Arrow
37:22 Capped Ram
38:51 Plate Barding Armor
38:17 Bracer
38:22 Heavy Camel Rider
38:28 Capped Ram
39:41 Conscription
38:45 Capped Ram
39:28 Hussar
40:23 Padded Archer Armor
39:47 Elite Liao Dao
40:35 Lamellar Armor
40:59 Scale Mail Armor
41:11 Siege Ram
42:23 Parthian Tactics
42:04 Thumb Ring
42:23 Ballistics
41:54 Elite Skirmisher
45:20 Chemistry
44:36 Leather Archer Armor
45:19 Chain Mail Armor
47:08 Ring Archer Armor
50:56 Caravan
51:08 Guilds
51:44 Ordo Cavalry
53:11 Two-Man Saw
56:33 Masonry
56:18 Murder Holes
57:24 Fortified Wall
57:05 Guard Tower
capt. Bear
1:31 Loom
11:42 Feudal Age
15:40 Castle Age
14:19 Double-Bit Axe
17:54 Bow Saw
18:44 Horse Collar
21:58 Wheelbarrow
21:44 Heavy Plow
23:30 Gold Mining
24:34 Hand Cart
28:48 Imperial Age
26:06 Town Watch
26:48 Scale Barding Armor
27:29 Gold Shaft Mining
27:43 Stone Mining
29:24 Bloodlines
29:36 Chain Barding Armor
29:26 Forging
29:15 Cavalier
30:51 Plate Barding Armor
31:28 Forging
31:31 Sappers
32:21 Conscription
33:54 Iron Casting
33:57 Paladin
38:04 Blast Furnace
37:47 Caravan
38:04 Scale Mail Armor
39:50 Light Cavalry
39:56 Pikeman
40:52 Chain Mail Armor
43:06 Plate Mail Armor
43:18 Squires
43:05 Halberdier
45:11 Coinage
44:48 Fletching
45:19 Hussar
46:27 Arson
48:08 Banking
48:15 Bodkin Arrow
47:54 Man-at-Arms
50:51 Long Swordsman
55:34 Two-Handed Swordsman
56:30 Champion
60:07 Capped Ram
72 Black Fan
0:40 Loom
13:08 Feudal Age
14:44 Town Watch
14:50 Double-Bit Axe
17:12 Castle Age
16:13 Fishing Lines
20:05 Bow Saw
21:43 Horse Collar
25:29 Wheelbarrow
25:14 Gillnets
26:29 Gold Mining
31:01 Imperial Age
29:13 Caravan
30:42 Masonry
30:48 Stone Mining
32:44 Chemistry
31:06 Heavy Rocket Cart
32:10 Treadmill Crane
33:33 Fletching
34:16 Scale Mail Armor
34:12 Bodkin Arrow
34:45 Conscription
34:46 Shinkichon
34:43 Eupseong
35:07 Heavy Plow
35:08 Elite Fire Lancer
35:53 Bracer
36:09 Chain Mail Armor
35:51 Arrowslits
36:27 Ballistics
36:15 Squires
35:54 Pikeman
38:19 Plate Mail Armor
37:59 Siege Engineers
38:55 Forging
38:24 Halberdier
45:56 Iron Casting
45:54 Architecture
46:16 Shinkichon
48:03 Scale Barding Armor
47:58 Murder Holes
50:38 Arson
51:13 Capped Ram
52:47 Coinage
52:13 Man-at-Arms
52:39 Gambesons
54:50 Banking
55:24 Long Swordsman
Connection lost

Rejoining the realm…

Still unreachable

The connection could not be restored.

Session expired

The server has moved on; the page needs a fresh start.